 Dungeon Crawl Stone Soup version 0.29-a0-885-gb26ba3297d (webtiles) character file.

Game seed: 14100856433633697996

170 wilfster70 the Magician (level 5, 0/35 HPs)
             Began as a Djinni Conjurer on July 20, 2022.
             Killed by divine providence
             ... invoked by an orc priest
              (11 damage)
             ... on level 4 of the Dungeon.
             The game lasted 00:06:31 (3068 turns).

wilfster70 the Magician (Djinni Conjurer)           Turns: 3068, Time: 00:06:32

Health: 0/35       AC:  5    Str:  6    XL:     5   Next: 80%
Gold:   230        EV: 12    Int: 22    God:
                   SH:  0    Dex: 11

rFire   + + +      SeeInvis .   b - +0 sling
rCold   x . .      Faith    .   (no shield)
rNeg    . . .      Spirit   .   h - +0 robe
rPois   ∞          Reflect  .   (no helmet)
rElec   .          Harm     .   (no cloak)
rCorr   .          Rampage  .   i - +2 pair of gloves
Will    .....                   (boots unavailable)
Stlth   ++........              (no amulet)
HPRegen 0.11/turn               c - ring of protection from fire
MPRegen 0.00/turn               (no ring)

@: flying
A: sickness immunity, fire resistance 2, cold vulnerability 1, float, innate
caster, HP casting, extra vitality 1
a: no special abilities


You were on level 4 of the Dungeon.
You visited 1 branch of the dungeon, and saw 4 of its levels.

You collected 230 gold pieces.

Inventory:

Hand Weapons
 a - a +0 trident
 b - a +0 sling (weapon)
Armour
 h - a +0 robe (worn)
 i - a +2 pair of gloves (worn)
Jewellery
 c - a ring of protection from fire (left hand)
 g - a +6 ring of strength
Potions
 d - a potion of resistance {unknown}
 e - 2 potions of brilliance
 f - a potion of lignification {unknown}
 j - a potion of berserk rage {unknown}
 k - a potion of curing {unknown}
 l - 2 potions of might
 n - 2 potions of cancellation {unknown}


   Skills:
 - Level 2.1 Dodging
 - Level 1.5 Stealth
 + Level 5.2 Spellcasting


You couldn't memorise any spells.
You knew the following spells:

 Your Spells              Type           Power      Damage    Failure   Level
a - Magic Dart            Conj           100%       1d8       1%          1
b - Searing Ray           Conj           56%        2d6       1%          2
c - Dazzling Flash        Conj/Hex       56%        N/A       3%          3
d - Fulminant Prism       Conj/Hex       14%        3d9       12%         4
e - Iskenderun's Mystic   Conj/Tloc      28%        2d7       12%         4
f - Apportation           Tloc           56%        N/A       1%          1
g - Blink                 Tloc           56%        N/A       1%          2
Your spell library was empty.

Dungeon Overview and Level Annotations

Branches:
Dungeon (4/15)
 Temple: D:4-7

Altars:
Dithmenos
Qazlal
Xom


Innate Abilities, Weirdness & Mutations

You are immune to sickness and miasma.
You are immune to poison.
Your flesh is very heat resistant. (rF++)
You are vulnerable to cold. (rC-)
You float through the air rather than walking.
You learn spells naturally, not from books.
Your magical power is your life essence.
You have superior vitality. (+4 MHP)


Message History

Casting: Magic Dart (safe; 1% risk of failure)
Confirm with . or Enter, or press ? or * to list all spells.
Aiming: Magic Dart (safe; 1% risk of failure)
Press: ? - help, Shift-Dir - straight line, f - orc
Aim: an orc, wielding a +0 morningstar and wearing a +0 leather armour (wandering, hasn't noticed you, 100% to hit)
The magic dart hits the orc.
The orc is heavily wounded.
Casting: Magic Dart (safe; 1% risk of failure)
Confirm with . or Enter, or press ? or * to list all spells.
Aiming: Searing Ray (safe; 1% risk of failure)
Press: ? - help, Shift-Dir - straight line, f/p - orc
Aim: an orc, wielding a +0 morningstar and wearing a +0 leather armour (heavily wounded, 79% to hit)
The searing ray hits the orc.
You kill the orc! (Press . to maintain the ray.)
You start resting.
An orc priest comes into view. It is wielding a +0 trident.
Casting: Searing Ray (safe; 1% risk of failure)
Confirm with . or Enter, or press ? or * to list all spells.
Aiming: Magic Dart (safe; 1% risk of failure)
Press: ? - help, Shift-Dir - straight line, f - orc priest
Aim: an orc priest, wielding a +0 trident (100% to hit)
The magic dart hits the orc priest.
The orc priest is moderately wounded.
The orc priest calls down the wrath of Beogh upon you.
Beogh smites you!
You hear a shout!
Casting: Magic Dart (safe; 1% risk of failure)
Confirm with . or Enter, or press ? or * to list all spells.
Aiming: Magic Dart (safe; 1% risk of failure)
Press: ? - help, Shift-Dir - straight line, f/p - orc priest
Aim: an orc priest, wielding a +0 trident (moderately wounded, 100% to hit)
The magic dart hits the orc priest.
The orc priest is moderately wounded.
* * * LOW HITPOINT WARNING * * *
The orc priest looks braver for a moment.
A kobold comes into view. It is wielding a +0 short sword.
The orc priest mumbles some strange prayers to Beogh against you.
Beogh smites you!
You die...

....####!..##.....#...
##.###....###...........
#.##....###............
##.#......##............
.#........[.............
........................
........................
........................
................@##...
............##....# ..
...........#.#..### .
.........###..).#
............)#..#
.#..........###.#
##>......Ko. ...
.......# ...) #.....#
.##.


You could see an orc priest and a kobold.

Vanquished Creatures
  A necrophage (D:4)
  A jelly (D:4)
  3 adders (D:2)
  A dart slug (D:2)
  2 orcs (D:4)
  4 endoplasms
  3 giant cockroaches
  4 goblins
  4 hobgoblins
  4 jackals
  9 ball pythons
  4 bats
  2 frilled lizards
  2 kobolds (D:3)
  6 rats
50 creatures vanquished.

Notes
Turn   | Place    | Note
-------+----------+-------------------------------------------
     0 | D:1      | wilfster70 the Djinni Conjurer began the quest for the Orb.
     0 | D:1      | wilfster70 set off with the following spells memorised:
                  | Magic Dart, Searing Ray, Dazzling Flash, Fulminant Prism,
                  | Iskenderun's Mystic Blast.
     0 | D:1      | Reached XP level 1. HP: 15/15 MP: 0/0
   328 | D:1      | Reached XP level 2. HP: 17/21 MP: 0/0
  1012 | D:2      | Reached XP level 3. HP: 24/25 MP: 0/0
  1012 | D:2      | Learned a level 1 spell: Apportation
  1097 | D:2      | Reached skill level 4 in Spellcasting
  1640 | D:2      | Reached XP level 4. HP: 25/31 MP: 0/0
  2295 | D:3      | Found a stormy altar of Qazlal.
  2388 | D:3      | Found a shadowy altar of Dithmenos.
  2585 | D:3      | Found a shimmering altar of Xom.
  2930 | D:4      | Reached XP level 5. HP: 27/35 MP: 0/0
  2930 | D:4      | Learned a level 2 spell: Blink
  2965 | D:4      | Reached skill level 5 in Spellcasting
  3068 | D:4      | Killed from afar by an orc priest

Illustrated notes

Levels and vault maps discovered:
D:1:      ncdulo_watergridlock, layout_loops_ring
D:2:      layout_loops_corners
D:3:      layout_basic, lemuel_doored_altar,
          mainiacjoe_overflow_surrounded_room, general_overflow_altar
D:4:      layout_cave_pools, lemuel_crystal_altar, makhleb_blood_cavern_becter,
          minmay_temple_entry_large_hall, uniq_robin, uniq_crazy_yiuf_cottage

Skill      XL: |  1  2  3  4  5 |
---------------+----------------+-----
Spellcasting   | 4 5 |  5.2
Dodging        | |  2.1
Stealth        | |  1.5

Action                   |  1- 3 |  4- 6 || total
-------------------------+-------+-------++-------
Melee: Trident           |     8 |     1 ||     9
 Fire: Sling             |       |     2 ||     2
 Cast: Magic Dart        |    33 |    43 ||    76
       Searing Ray       |     4 |     8 ||    12
       Apportation       |     2 |       ||     2
  Use: Scroll            |     2 |     5 ||     7
 Stab: Sleeping          |     4 |       ||     4
Armor: Robe              |     3 |     3 ||     6
Dodge: Dodged            |     8 |     5 ||    13

Table legend: (Time is in decaauts)
 A = Elapsed time spent in this place.
 B = Non-inter-level travel time spent in this place.
 C = Inter-level travel time spent in this place.
 D = Time resting spent in this place.
 E = Time spent auto-exploring this place.
 F = Levels seen in this place.
 G = Mean time per level.
                   A        B        C        D        E       F      G
               +--------+--------+--------+--------+--------+-----+--------+
         Total |   3071 |   2976 |     95 |    583 |   1720 |   4 |  767.8 |
       Dungeon |   3071 |   2976 |     95 |    583 |   1720 |   4 |  767.8 |
               +--------+--------+--------+--------+--------+-----+--------+

Top non-repeatable levels by time:
     D:2: 1508 daAuts
     D:1: 762 daAuts
     D:3: 567 daAuts
     D:4: 233 daAuts
